 Dungeon Crawl Stone Soup version 0.27-a0-1301-g128193abf8 (webtiles) character file.

Game seed: 662789203012190707

258178 drugrobin the Warrior (level 18, -6/173 HPs)
             Began as a Demigod Warper on June 18, 2021.
             Killed by divine providence
             ... invoked by a meliai
              (12 damage)
             ... on level 4 of the Abyss.
             The game lasted 03:38:58 (53747 turns).

drugrobin the Warrior (Demigod Warper)             Turns: 53747, Time: 03:38:59

Health: -6/173     AC: 36    Str: 32    XL:     18   Next: 78%
Magic:  33/33      EV: 20    Int: 25    God:
Gold:   2602       SH:  6    Dex: 21    Spells: 14/31 levels left

rFire    + + .     SeeInvis .   v - +7 trident (pain)
rCold    . . .     Faith    .   O - +2 buckler
rNeg     + + .     Spirit   .   C - +3 storm dragon scales {Bai Suzhen}
rPois    .         Reflect  .   J - +0 helmet
rElec    +         Harm     .   Y - +1 cloak {Stlth+}
rCorr    .         Rampage  .   b - +5 pair of gloves of the Past {rF+}
Will     +....                  u - +2 pair of boots
Stlth    ..........             c - amulet of regeneration
HPRegen  1.38/turn              S - ring "Esavetaete" {Str+6 Int+6 Stlth+}
MPRegen  0.23/turn              R - ring "Iffan" {rF+ rN++ AC+4 Stlth-}

@: unable to read
A: high mp 1, forlorn, iridescent scales 1, strong 1, [deterioration 2],
[inability to read while threatened]
}: 1/15 runes: gossamer
a: no special abilities


You were on level 4 of the Abyss.
You visited 6 branches of the dungeon, and saw 31 of its levels.
You visited the Abyss 1 time.
You also visited: Wizlab.

You collected 3602 gold pieces.
You spent 1000 gold pieces at shops.

Inventory:

Hand Weapons
 a - a +6 spear of venom
 d - the +13 scythe of Curses {drain, Drain}
   (You found it on level 12 of the Dungeon)

   A truly terrible weapon, it drains the life of those it strikes.
   It drains your maximum health when unequipped.
 h - a +2 bardiche of venom
 p - a +4 trident of freezing
 v - a +7 trident of pain (weapon)
 H - a +0 glaive of protection
Missiles
 j - 20 boomerangs (quivered)
 N - 5 boomerangs of dispersal
Armour
 b - the +5 pair of gloves of the Past (worn) {rF+}
   (You acquired it on level 13 of the Dungeon)

   It protects you from fire.
 r - a +3 troll leather armour {Snorg}
 u - a +2 pair of boots (worn)
 C - +3 storm dragon scales (worn) {Bai Suzhen}
 G - +0 ice dragon scales
 J - a +0 helmet (worn)
 M - a +0 cloak of poison resistance
 O - a +2 buckler (worn)
 V - +0 fire dragon scales
 Y - a +1 cloak of stealth (worn)
Jewellery
 c - an amulet of regeneration (around neck)
 g - a ring of wizardry
 A - a ring of see invisible
 B - the ring "Alukkoff" {rC- AC+4 Int+5 Stlth+}
   (You bought it in a shop on level 2 of the Orcish Mines)

   [ring of protection]

   It affects your AC (+4).
   It affects your intelligence (+5).
   It makes you vulnerable to cold.
   It makes you more stealthy.
 R - the ring "Iffan" (right hand) {rF+ rN++ AC+4 Stlth-}
   (You found it on level 1 of the Depths)

   [ring of protection]

   It affects your AC (+4).
   It protects you from fire.
   It greatly protects you from negative energy.
   It makes you less stealthy.
 S - the ring "Esavetaete" (left hand) {Str+6 Int+6 Stlth+}
   (You found it in a wizard's laboratory)

   [ring of intelligence]

   It affects your strength (+6).
   It affects your intelligence (+6).
   It makes you more stealthy.
Wands
 k - a wand of flame (19)
 s - a wand of polymorph (27)
 x - a wand of charming (9)
 y - a wand of digging (8)
 E - a wand of acid (11)
 T - a wand of iceblast (4)
 W - a wand of mindburst (45)
 X - a wand of paralysis (32)
Scrolls
 e - 6 scrolls of enchant weapon
 f - 4 scrolls of enchant armour
 m - 15 scrolls of identify
 q - 2 scrolls of fear
 w - 2 scrolls of blinking
 z - 4 scrolls of amnesia
 F - 2 scrolls of brand weapon
 I - 4 scrolls of holy word
 P - 5 scrolls of magic mapping
 U - 5 scrolls of summoning
Potions
 i - a potion of berserk rage
 l - 4 potions of flight
 n - 4 potions of ambrosia
 o - 5 potions of curing
 t - 3 potions of haste
 D - a potion of magic
 K - 2 potions of invisibility
 L - a potion of resistance


   Skills:
 + Level 18.7 Fighting
 + Level 14.5 Polearms
 - Level 0.8 Throwing
 + Level 8.8 Armour
 - Level 17.0 Dodging
 - Level 7.0 Spellcasting
 - Level 9.3 Hexes
 - Level 3.3 Translocations


You had 14 spell levels left.
You knew the following spells:

 Your Spells              Type           Power      Damage    Failure   Level
a - Teleport Other        Tloc           25%        N/A       32%         3
b - Blink                 Tloc           N/A        N/A       16%         2
c - Slow                  Hex            53%        N/A       1%          2
d - Confusing Touch       Hex            53%        N/A       2%          3
e - Corona                Hex            58%        N/A       1%          1
f - Dazzling Flash        Conj/Hex       64%        N/A       19%         3
g - Tukima's Dance        Hex            53%        N/A       2%          3

Your spell library contained the following spells:

 Spells                   Type           Power      Damage    Failure   Level
 Ensorcelled Hibernation  Hex/Ice        64%        N/A       10%         2
 Apportation              Tloc           50%        N/A       11%         1
 Summon Guardian Golem    Hex/Summ       32%        N/A       19%         3
 Gell's Gravitas          Tloc           12%        N/A       32%         3
 Lesser Beckoning         Tloc           12%        N/A       32%         3
 Animate Skeleton         Necr           16%        N/A       38%         1
 Freeze                   Ice            32%        1d5       38%         1
 Magic Dart               Conj           32%        1d4       38%         1
 Summon Small Mammal      Summ           32%        N/A       38%         1
 Call Imp                 Summ           8%         N/A       54%         2
 Corpse Rot               Necr/Air       N/A        N/A       54%         2
 Wereblood                Tmut           8%         N/A       54%         2
 Call Canine Familiar     Summ           8%         N/A       77%         3
 Conjure Flame            Conj/Fire      8%         6-21      77%         3
 Frozen Ramparts          Ice            16%        1d3       77%         3
 Mephitic Cloud           Conj/Pois/Air  8%         N/A       77%         3
 Ozocubu's Armour         Ice            8%         N/A       77%         3
 Stone Arrow              Conj/Erth      16%        3d8       77%         3
 Metabolic Englaciation   Hex/Ice        16%        N/A       86%         5
 Yara's Violent Unravell  Hex/Tmut       16%        3d8       86%         5
 Manifold Assault         Tloc           25%        N/A       96%         5
 Dispel Undead            Necr           8%         3d8       99%         4
 Hailstorm                Conj/Ice       8%         3d4       99%         4
 Petrify                  Tmut/Erth      8%         N/A       99%         4
 Summon Ice Beast         Ice/Summ       8%         N/A       99%         4
 Summon Lightning Spire   Summ/Air       8%         N/A       99%         4
 Summon Forest            Summ/Tloc      8%         N/A       99%         5
 Agony                    Necr           8%         N/A       100%        5
 Alistair's Intoxication  Tmut/Pois      5%         N/A       100%        5
 Blade Hands              Tmut           4%         N/A       100%        5
 Excruciating Wounds      Necr           4%         N/A       100%        5
 Irradiate                Conj/Tmut      4%         3d15      100%        5
 Eringya's Noxious Bog    Tmut/Pois      4%         N/A       100%        6
 Statue Form              Tmut/Erth      5%         N/A       100%        6
 Dragon Form              Tmut           4%         N/A       100%        7
 Storm Form               Tmut/Air       4%         N/A       100%        7
 Summon Hydra             Summ           4%         N/A       100%        7


Dungeon Overview and Level Annotations

Branches:
Dungeon (15/15)            Temple (0/1) D:6            Lair (6/6) D:9
  Swamp (0/4) Lair:2       Spider (4/4) Lair:2        Slime (0/5) Lair:6
    Orc (2/2) D:9             Elf (0/3) Orc:2        Vaults (2/5) D:14
 Depths (2/5) D:15         WizLab (visited)
  Crypt: Vaults:2-3

Shops:
D:3 !   D:4 [   D:8 *[(([   Orc:1 *?   Orc:2 !*:*(

Portals:
Hell: Depths:1
Abyss: Depths:1 Depths:2
Pandemonium: Depths:1 Depths:2
Trove: D:12 (give +4 fire dragon scales)

Annotations:
D:4 Menkaure
D:5 Blork the orc
D:10 2 transporters, exclusion: obsidian statue, relicbr's ghost, novice DsWn
D:15 Roxanne
Lair:3 2 transporters, bronco's ghost, journeyman GrEE
Lair:6 1 runed translucent door


Innate Abilities, Weirdness & Mutations

Your attributes grow dramatically as you level up.
You have an increased reservoir of magic. (+10% MP)
You shall have no god before yourself.
You are partially covered in iridescent scales. (AC +2)
Your muscles are strong. (Str +2)
[Your body often deteriorates upon taking damage.]
[You sometimes lose the ability to read scrolls when taking damage.]


Message History

* * * LOW HITPOINT WARNING * * *
The thrashing horror roars!
The meliai calls down the wrath of its god upon you.
Something smites you!
* * * LOW HITPOINT WARNING * * *
The thrashing horror tramples you but does no damage. x2
Okay, then.
The thrashing horror roars!
The meliai mumbles some strange prayers to its god against you.
Something smites you!
You feel threatened and lose the ability to read scrolls!
* * * LOW HITPOINT WARNING * * *
Something closely misses you.
The thrashing horror tramples you but does no damage.
You block the thrashing horror's attack.
You feel your health improve. Something barely misses you.
A chorus of shrieks assaults your mind.
* * * LOW HITPOINT WARNING * * *
The wretched star pulses with an eldritch light!
You feel yourself wasting away.
You feel your body start to fall apart.
Unknown command.
You puncture something! Something hits you but does no damage.
The small abomination hits you.
* * * LOW HITPOINT WARNING * * *
Unknown command.
Something barely misses you. Something hits you but does no damage.
The meliai invokes the aid of its god against you.
Something smites you!
* * * LOW HITPOINT WARNING * * *
The green very ugly thing pecks you but does no damage.
Unknown command.
Something hits you but does no damage.
The small abomination hits you but does no damage.
You hit the green very ugly thing but do no damage.
The small abomination misses you.
You hit the green very ugly thing but do no damage.
The meliai mumbles some strange prayers to its god against you.
Something smites you!
You die...

*..#*y# #
##.*# #..
#.*R## #...*.#
#
*###y######..#
# # . .#
##...*## . .
†# ##..#.. #
## #..# ##
#..#X.##.X.#
#φ##
#.#.yX..X# X#
## ###xu##
..#X. ##@#
##.# X ###


X You could see a starcursed mass, a green very ugly thing, 2 wretched stars, a
thrashing horror, a small abomination and a meliai.

Vanquished Creatures
  Saint Roka (Vaults:1)
  Bai Suzhen (Spider:3)
  Jorgrun (D:9)
  Gastronok (Lair:2)
  Kirke (D:14)
  Agnes (Spider:2)
  A fire giant (D:15)
  3 frost giants
  7 vault wardens
  4 ghost moths
  4 emperor scorpions
  Louise (D:15)
  10 ironbound preservers
  A ghoul (D:14)
  9 very ugly things
  3 stone giants
  A war gargoyle (Vaults:2)
  Azrael (D:12)
  2 dire elephants (D:14)
  An entropy weaver (Spider:2)
  8 spark wasps
  The ghost of spiderkeys the Spear-Bearer, a journeyman MfAK of Lugonu (Orc:2)
  A fire dragon (Lair:6)
  Snorg (Orc:1)
  18 slime creatures
  3 ettins
  5 yaktaur captains
  2 ironbound thunderhulks (Vaults:2)
  4 great orbs of eyes
  Harold (Orc:1)
  5 boulder beetles
  Josephine (D:14)
  A rakshasa (Depths:1)
  3 vault guards
  An ice dragon (Depths:1)
  10 hydras
  A catoblepas (D:13)
  14 centaur warriors
  5 ironbound frosthearts
  6 two-headed ogres
  2 dancing weapons (D:14)
  2 vampire magi (Depths:1)
  4 tengu warriors
  A deep troll earth mage (Depths:1)
  15 death yaks
  An orc high priest (Orc:2)
  4 ironbound beastmasters
  A shock serpent (shapeshifter) (WizLab)
  An iron golem (WizLab)
  6 skeletal warriors
  A deep troll (shapeshifter) (WizLab)
  33 deep trolls
  An infernal demonspawn (Depths:1)
  4 wizards
  An orc knight (D:14)
  2 phantasmal warriors
  Pikel (D:7)
  10 lindwurms
  2 necromancers
  6 harpies
  7 large abominations (WizLab)
  3 deep elf pyromancers
  7 ironbound convokers
  17 wolf spiders
  26 ugly things
  10 orc sorcerers
  11 orb spiders
  A worldbinder (Abyss:4)
  A moth of wrath (Spider:3)
  3 manticores
  A human zombie (Vaults:2)
  3 salamanders (Depths:1)
  8 cyclopes
  Maurice (Orc:1)
  3 black mambas (shapeshifter) (WizLab)
  2 black mambas
  3 molten gargoyles (Lair:6)
  2 torpor snails
  A frost giant skeleton (Vaults:2)
  A guardian serpent (shapeshifter) (WizLab)
  A rust devil (Depths:1)
  A cane toad (shapeshifter) (WizLab)
  11 vault sentinels
  10 cane toads
  A yaktaur zombie (Vaults:1)
  A rime drake (shapeshifter) (D:14)
  3 gargoyles
  2 unseen horrors (D:12)
  4 rime drakes
  23 komodo dragons
  9 demonic crawlers
  2 kobold demonologists
  2 tengu conjurers
  13 yaktaurs
  2 guardian mummies (D:14)
  9 trolls
  A meliai (shapeshifter) (WizLab)
  A jumping spider (shapeshifter) (WizLab)
  26 jumping spiders
  A troll (shapeshifter) (WizLab)
  A queen bee (shapeshifter) (WizLab)
  A wind drake (shapeshifter) (WizLab)
  3 polar bears
  14 hornets
  A tengu simulacrum (Vaults:2)
  An ettin zombie (Vaults:1)
  15 blink frogs
  7 dream sheep (Lair:6)
  2 blink frogs (shapeshifter) (WizLab)
  A meliai zombie (D:14)
  A centaur simulacrum (D:13)
  10 wraiths
  16 tarantellas
  A spriggan (shapeshifter) (WizLab)
  2 shadows
  60 redbacks
  8 wyverns
  A hog (D:14)
  5 basilisks
  64 yaks
  2 vampires
  A fire bat (shapeshifter) (WizLab)
  A fire elemental (D:12)
  4 humans (shapeshifter) (WizLab)
  A chaos spawn (Depths:1)
  2 steam dragons
  6 small abominations (WizLab)
  7 vampire mosquitoes
  A swamp worm (shapeshifter) (WizLab)
  17 water moccasins
  4 floating eyes (WizLab)
  8 hell hounds
  A human skeleton (Vaults:1)
  20 orc warriors
  A sky beast (shapeshifter) (WizLab)
  2 black bears (shapeshifter)
  3 sky beasts
  3 black bears
  An ettin simulacrum (Vaults:2)
  A necrophage (D:4)
  A boggart (Vaults:1)
  4 ogres
  A tengu (shapeshifter) (WizLab)
  12 wolves
  A boggart (shapeshifter) (WizLab)
  A phantom (D:6)
  6 centaurs
  A gnoll sergeant (D:8)
  A wyvern zombie (D:6)
  3 scorpions
  9 bullfrogs
  A water moccasin zombie (D:7)
  A wyvern skeleton (D:5)
  7 killer bees
  8 wights
  3 howler monkeys (D:8)
  5 electric eels
  5 lava snakes (Lair:6)
  6 centaur zombies
  A bullfrog zombie (D:6)
  2 hounds
  A jelly (D:7)
  A centaur skeleton (D:4)
  19 orc priests
  Ijyb (D:4)
  2 iguanas
  23 orc wizards
  A killer bee zombie (D:6)
  A hound skeleton (D:4)
  3 mummies (D:14)
  11 gnolls
  A howler monkey skeleton (D:7)
  4 adders
  A shadow imp (D:5)
  3 white imps
  2 ufetubi
  An adder zombie (D:5)
  3 worms
  A dart slug (D:4)
  60 orcs
  8 ball pythons
  6 bats
  6 endoplasms
  8 goblins
  6 hobgoblins
  5 jackals
  A quokka (D:9)
  5 frilled lizards
  9 kobolds
  10 rats
1059 creatures vanquished.

Vanquished Creatures (collateral kills)
  A mutant beast (WizLab)
  A vault warden (Vaults:1)
  An ironbound preserver (Vaults:1)
  A vault guard (Vaults:1)
  Urug (D:12)
  A hell knight (Depths:1)
  A salamander mystic (Depths:1)
  An ironbound convoker (Vaults:1)
  2 ugly things (D:14)
  Psyche (D:10)
  A wraith (D:13)
  3 orc warriors
  An ogre (Orc:1)
  3 orc priests (Orc:2)
  5 orc wizards
  An orc (Orc:2)
25 creatures vanquished.

Vanquished Creatures (others)
  Nikola (Vaults:2)
  2 hydras
  A deep elf pyromancer (D:12)
  15 dancing weapons
  A centaur (D:15)
  22 fungi
  46 plants
  A withered plant (D:14)
89 creatures vanquished.

Grand Total: 1173 creatures vanquished

Notes
Turn   | Place    | Note
-------+----------+-------------------------------------------
     0 | D:1      | drugrobin the Demigod Warper began the quest for the Orb.
     0 | D:1      | Reached XP level 1. HP: 17/17 MP: 5/5
   486 | D:1      | Reached skill level 2 in Fighting
   488 | D:1      | Reached XP level 2. HP: 23/24 MP: 5/7
   491 | D:1      | Learned a level 2 spell: Blink
  1324 | D:2      | Reached XP level 3. HP: 30/30 MP: 9/9
  1337 | D:2      | You fall into a shaft and drop 2 floors!
  1370 | D:4      | Noticed a necrophage
  1958 | D:4      | Reached skill level 3 in Fighting
  1958 | D:4      | Reached XP level 4. HP: 32/38 MP: 9/11
  1962 | D:4      | Learned a level 3 spell: Teleport Other
  1972 | D:4      | Noticed a necrophage
  3897 | D:3      | Found Merodual's Distillery.
  3903 | D:3      | Bought a potion of heal wounds for 60 gold pieces
  4374 | D:4      | Found Tounki's Antique Armour Shop.
  4531 | D:4      | Noticed Menkaure
  4592 | D:5      | Entered Level 5 of the Dungeon
  4672 | D:5      | Noticed a black bear
  5024 | D:5      | Reached XP level 5. HP: 38/45 MP: 13/13
  5440 | D:6      | Noticed a steam dragon
  5452 | D:5      | Reached XP level 6. HP: 22/48 MP: 6/14
  5808 | D:5      | Identified the +4 dagger of the Dragonfly {antimagic,
                  | Stlth+}
  6070 | D:5      | Noticed Blork the orc
  6426 | D:5      | Reached XP level 7. HP: 51/58 MP: 16/16
  7150 | D:5      | Learned a level 2 spell: Slow
  7364 | D:5      | Killed a steam dragon
  7514 | D:6      | Reached skill level 1 in Hexes
  8404 | D:4      | Reached XP level 8. HP: 44/66 MP: 14/18
  8873 | D:4      | Noticed Ijyb
  8901 | D:4      | Killed Ijyb
  9818 | D:6      | Found a staircase to the Ecumenical Temple.
  9988 | D:7      | Noticed a five-headed hydra
 10412 | D:7      | Noticed Pikel
 10423 | D:7      | Killed Pikel
 10424 | D:7      | Reached XP level 9. HP: 58/71 MP: 19/19
 11991 | D:8      | Found Kufonyda's General Store.
 12412 | D:8      | Bought a potion of curing for 33 gold pieces
 12550 | D:8      | Found Bothreki's Weapon Emporium.
 12746 | D:8      | HP: 3/71 [poisoned by a gnoll sergeant]
 13189 | D:8      | Found Qinlesou's Antique Armour Shoppe.
 13196 | D:8      | Bought a glowing leather armour for 130 gold pieces
 13227 | D:8      | Found Ysarorph's Antique Weapon Boutique.
 13455 | D:8      | Found Huid's Armour Emporium.
 13597 | D:8      | Noticed a two-headed ogre
 13622 | D:8      | Killed a two-headed ogre
 13623 | D:8      | Reached skill level 5 in Fighting
 13806 | D:9      | Noticed a death yak
 13828 | D:9      | Noticed a death yak
 13832 | D:9      | Noticed a death yak
 13839 | D:9      | Killed a death yak
 13840 | D:9      | Reached XP level 10. HP: 64/83 MP: 20/20
 13871 | D:9      | Found a staircase to the Orcish Mines.
 13908 | D:8      | Killed a death yak
 14189 | D:8      | Reached skill level 6 in Fighting
 14246 | D:8      | Killed a death yak
 14848 | D:9      | Found a staircase to the Lair.
 15442 | Lair:1   | Entered Level 1 of the Lair of Beasts
 15594 | Lair:1   | Noticed a seven-headed hydra
 15621 | Lair:1   | Killed a seven-headed hydra
 15622 | Lair:1   | Reached skill level 7 in Fighting
 15675 | Lair:1   | Reached skill level 5 in Dodging
 15829 | Lair:1   | Reached XP level 11. HP: 70/92 MP: 14/21
 15964 | Lair:1   | Reached skill level 8 in Fighting
 16928 | Lair:2   | Noticed Gastronok
 16959 | Lair:2   | Killed Gastronok
 16960 | Lair:2   | Reached skill level 9 in Fighting
 17272 | Lair:2   | Found a staircase to the Swamp.
 17273 | Lair:2   | Noticed a death yak
 17273 | Lair:2   | Noticed a death yak
 17273 | Lair:2   | Noticed a death yak
 17314 | Lair:1   | Killed a death yak
 17382 | Lair:1   | Killed a death yak
 17424 | Lair:2   | Noticed a death yak
 17438 | Lair:2   | Noticed a death yak
 17442 | Lair:2   | Noticed a death yak
 17499 | Lair:2   | Killed a death yak
 17500 | Lair:2   | Reached skill level 10 in Fighting
 17512 | Lair:2   | Killed a death yak
 17513 | Lair:2   | Reached XP level 12. HP: 73/106 MP: 12/22
 17950 | Lair:2   | Found a hole to the Spider Nest.
 18411 | Lair:2   | Learned a level 3 spell: Confusing Touch
 19108 | Lair:3   | Reached skill level 11 in Fighting
 19333 | Lair:3   | Reached skill level 10 in Dodging
 19447 | Lair:3   | Found a transporter.
 19451 | Lair:3   | Noticed bronco's ghost (journeyman GrEE)
 19454 | Lair:3   | Noticed a five-headed hydra
 19455 | Lair:3   | Noticed a five-headed hydra
 19634 | D:8      | Bought a runed cloak for 195 gold pieces
 19807 | Lair:3   | Noticed a seven-headed hydra
 19835 | Lair:3   | Killed a seven-headed hydra
 19868 | Lair:3   | Noticed a six-headed hydra
 19960 | Lair:3   | Killed a six-headed hydra
 20218 | Lair:3   | Found a transporter.
 20558 | Lair:4   | Noticed a five-headed hydra
 20586 | Lair:4   | Killed a five-headed hydra
 21113 | Lair:4   | Reached XP level 13. HP: 111/116 MP: 24/24
 21666 | Lair:5   | Reached skill level 5 in Hexes
 21810 | Lair:5   | Learned a level 1 spell: Corona
 21814 | Lair:5   | Learned a level 3 spell: Dazzling Flash
 22743 | Lair:6   | Entered Level 6 of the Lair of Beasts
 22779 | Lair:6   | Reached skill level 12 in Fighting
 23175 | Lair:6   | Found a runed translucent door.
 23177 | Lair:6   | Noticed an azure jelly
 23178 | Lair:6   | Found a staircase to the Slime Pits.
 23179 | Lair:6   | Noticed an azure jelly
 23969 | Lair:6   | Found a large runed translucent door.
 23984 | Lair:6   | Reached skill level 5 in Spellcasting
 24423 | Lair:6   | Found a large runed translucent door.
 25241 | Orc:1    | Entered Level 1 of the Orcish Mines
 25249 | Orc:1    | Noticed Maurice
 25302 | Orc:1    | Killed Maurice
 25371 | Orc:1    | Noticed Jorgrun
 25481 | D:9      | Learned a level 3 spell: Tukima's Dance
 25510 | D:10     | Entered Level 10 of the Dungeon
 25783 | D:10     | Found a transporter.
 25783 | D:10     | Noticed relicbr's ghost (novice DsWn)
 25947 | D:10     | Found a transporter.
 26076 | D:10     | Reached XP level 14. HP: 123/127 MP: 26/26
 26136 | D:10     | Noticed Psyche
 26155 | D:10     | Killed Psyche
 26840 | D:11     | Reached skill level 1 in Armour
 26866 | D:11     | You fall into a shaft and drop 2 floors!
 26880 | D:13     | Identified a scroll of acquirement
 26882 | D:13     | Acquired the +5 pair of gloves of the Past {rF+}
 27667 | D:11     | Reached skill level 13 in Fighting
 28632 | D:12     | Noticed Azrael
 28646 | D:12     | Noticed a frost giant
 28731 | D:12     | Killed Azrael
 28741 | D:12     | HP: 4/129 [frost giant/bolt of cold (59)]
 28748 | D:12     | Killed a frost giant
 29086 | D:12     | Found a portal to a secret trove of treasure.
 29306 | D:12     | Found the +13 scythe of Curses {drain, Drain}
 29355 | D:12     | Identified the +1 great sword of Profit {venom, +Blink rC+
                  | Stlth-}
 29807 | D:12     | Noticed Urug
 29825 | D:12     | Killed Urug
 30103 | D:9      | HP: 5/129 [Jorgrun (8)]
 30110 | D:9      | Killed Jorgrun
 30301 | Orc:1    | Paralysed by an orc sorcerer for 2 turns
 30511 | Orc:2    | Entered Level 2 of the Orcish Mines
 30556 | Orc:2    | Gained mutation: [Your body sometimes deteriorates upon
                  | taking damage.] [a neqoxec]
 30765 | Orc:2    | Found a staircase to the Elven Halls.
 30767 | Orc:1    | Found Jakkampo's Magic Scroll Shop.
 30922 | Orc:1    | Found Plog's Gadget Gallery.
 30929 | Orc:1    | Noticed Harold
 30944 | Orc:1    | Killed Harold
 31434 | Orc:2    | Noticed Snorg
 31477 | Orc:1    | Killed Snorg
 31856 | Orc:2    | Found a runed translucent gate.
 31857 | Orc:2    | Found a runed translucent gate.
 31859 | Orc:2    | Found a runed translucent gate.
 31862 | Orc:2    | Noticed spiderkeys's ghost (journeyman MfAK)
 31869 | Orc:2    | Found Hoseg's Assorted Antiques.
 31885 | Orc:2    | Found Ozunycyff's Assorted Antiques.
 31885 | Orc:2    | Found Vockop's Weapon Boutique.
 31886 | Orc:2    | Found Foehudae's Book Shop.
 31890 | Orc:2    | Found Sesomu's Distillery.
 31893 | Orc:2    | Bought a scroll of teleportation for 102 gold pieces
 31893 | Orc:2    | Bought a vibrating platinum ring for 170 gold pieces
 31893 | Orc:2    | Identified the ring "Alukkoff" {rC- AC+4 Int+5 Stlth+} (You
                  | bought it in a shop on level 2 of the Orcish Mines)
 31898 | Orc:2    | Lost mutation: [Your body sometimes deteriorates upon
                  | taking damage.] [potion of mutation]
 31898 | Orc:2    | Gained mutation: You are partially covered in iridescent
                  | scales. (AC +2) [potion of mutation]
 31898 | Orc:2    | Gained mutation: Your muscles are strong. (Str +2) [potion
                  | of mutation]
 32192 | Orc:2    | Killed spiderkeys's ghost
 32193 | Orc:2    | Reached skill level 14 in Fighting
 32243 | Orc:2    | Bought a steel ring for 135 gold pieces
 32243 | Orc:2    | Bought a glowing trident for 175 gold pieces
 32937 | D:13     | You fall into a shaft and drop 1 floor!
 32971 | D:14     | Reached XP level 15. HP: 138/138 MP: 28/28
 32992 | D:14     | Found a gate to the Vaults.
 33199 | D:14     | Noticed Josephine
 33215 | D:14     | Killed Josephine
 33283 | D:14     | Noticed Kirke
 33309 | D:14     | Killed Kirke
 34419 | D:15     | Entered Level 15 of the Dungeon
 34750 | D:14     | Reached skill level 15 in Fighting
 34865 | D:15     | Noticed Roxanne
 35222 | D:15     | Noticed Louise
 35246 | D:15     | Killed Louise
 35301 | D:15     | Noticed a fire giant
 35312 | D:15     | Found a staircase to the Depths.
 35330 | D:15     | Killed a fire giant
 35587 | Depths:1 | Entered Level 1 of the Depths
 35587 | Depths:1 | Found a gateway to Hell.
 35616 | Depths:1 | Found a magical portal.
 35621 | WizLab   | Entered Cigotuvi's Fleshworks
 36194 | WizLab   | Paralysed by a floating eye for 4 turns
 36203 | WizLab   | Paralysed by a floating eye for 2 turns
 36213 | WizLab   | Paralysed by a floating eye for 3 turns
 36225 | WizLab   | Paralysed by a floating eye for 3 turns
 36293 | WizLab   | Identified the ring "Esavetaete" {Str+6 Int+6 Stlth+}
 36339 | WizLab   | Reached skill level 15 in Dodging
 36506 | WizLab   | HP: 7/143 [poisoned by a green very ugly thing]
 36599 | WizLab   | Identified Cigotuvi's Volume of Evil Transmigration
 36601 | WizLab   | Identified the Catalogue of Transmutation
 36952 | WizLab   | Noticed Cigotuvi's Monster
 37015 | WizLab   | Killed Cigotuvi's Monster
 37050 | WizLab   | Reached XP level 16. HP: 83/151 MP: 29/29
 37684 | Depths:1 | Found a one-way gate to the infinite horrors of the Abyss.
 37711 | Depths:1 | Reached skill level 16 in Fighting
 37941 | Depths:1 | Identified the ring "Iffan" {rF+ rN++ AC+4 Stlth-}
 38414 | Depths:1 | Paralysed by a great orb of eyes for 3 turns
 38438 | Depths:1 | Found a one-way gate leading to the halls of Pandemonium.
 38998 | Depths:2 | HP: 4/152 [tengu reaver/bolt of fire (12)]
 39076 | Depths:1 | Noticed a golden dragon
 39315 | Spider:1 | Entered Level 1 of the Spider Nest
 39738 | Spider:1 | Identified the +0 dagger "Usheiwn" {vorpal, rN+ Int+2}
 41071 | Spider:2 | Reached skill level 17 in Fighting
 41331 | Spider:2 | Noticed Agnes
 41382 | Spider:2 | Killed Agnes
 41418 | Spider:2 | You fall into a shaft and drop 1 floor!
 43097 | Spider:4 | Entered Level 4 of the Spider Nest
 44058 | Spider:4 | Reached XP level 17. HP: 90/161 MP: 30/30
 44515 | Spider:4 | Noticed Bai Suzhen
 44707 | Spider:3 | Killed Bai Suzhen
 44849 | Spider:4 | HP: 7/162 [poisoned by a ghost moth]
 46144 | Spider:4 | Got a gossamer rune of Zot
 46471 | Vaults:1 | Entered Level 1 of the Vaults
 46491 | D:14     | Reached skill level 5 in Armour
 48168 | Vaults:1 | Noticed Saint Roka
 48432 | D:14     | Reached skill level 18 in Fighting
 48760 | Vaults:1 | Killed Saint Roka
 49516 | Vaults:1 | Reached XP level 18. HP: 172/172 MP: 33/33
 50673 | Vaults:2 | Found a huge runed gate.
 50673 | Vaults:2 | Found a huge runed gate.
 50673 | Vaults:2 | Found a huge runed gate.
 50673 | Vaults:2 | Found a huge runed gate.
 50673 | Vaults:2 | Found a huge runed gate.
 50673 | Vaults:2 | Found a huge runed gate.
 50673 | Vaults:2 | Found a huge runed gate.
 50674 | Vaults:2 | Found a huge runed gate.
 50674 | Vaults:2 | Found a huge runed gate.
 50674 | Vaults:2 | Found a huge runed gate.
 50675 | Vaults:2 | Found a huge runed gate.
 50675 | Vaults:2 | Found a huge runed gate.
 50676 | Vaults:2 | Found a huge runed gate.
 50677 | Vaults:2 | Found a huge runed gate.
 50678 | Vaults:2 | Found a huge runed gate.
 50686 | Vaults:2 | Found a huge runed gate.
 50686 | Vaults:2 | Found a huge runed gate.
 50686 | Vaults:2 | Found a huge runed gate.
 50686 | Vaults:2 | Found a huge runed gate.
 50686 | Vaults:2 | Found a huge runed gate.
 50686 | Vaults:2 | Found a huge runed gate.
 50686 | Vaults:2 | Found a huge runed gate.
 50687 | Vaults:2 | Found a huge runed gate.
 50688 | Vaults:2 | Found a huge runed gate.
 50696 | Vaults:2 | Found a huge runed gate.
 50696 | Vaults:2 | Found a huge runed gate.
 50696 | Vaults:2 | Found a huge runed gate.
 50696 | Vaults:2 | Found a huge runed gate.
 50696 | Vaults:2 | Found a huge runed gate.
 50696 | Vaults:2 | Found a huge runed gate.
 50696 | Vaults:2 | Found a huge runed gate.
 50697 | Vaults:2 | Found a huge runed gate.
 50698 | Vaults:2 | Found a huge runed gate.
 50706 | Vaults:2 | Found a huge runed gate.
 50706 | Vaults:2 | Found a huge runed gate.
 50706 | Vaults:2 | Found a huge runed gate.
 52134 | Vaults:2 | Noticed Nikola
 52183 | Vaults:2 | Killed Nikola
 53557 | Vaults:2 | Cast into level 3 of the Abyss (a deep elf sorcerer)
 53744 | Abyss:4  | HP: 3/173 [meliai/divine providence (13)]
 53747 | Abyss:4  | Killed from afar by a meliai

Illustrated notes

Levels and vault maps discovered:
D:1:      dpeg_arrival_snail, layout_rooms,
          hellmonk_ecumenical_altar_leap_of_faith
D:2:      layout_basic, basic_altar, lexackson_kobold_supper
D:3:      layout_loops_ring, serial_shops, shop
D:4:      cheibrodos_quashed, layout_loops_ring, serial_shops, shop, uniq_ijyb,
          uniq_menkaure
D:5:      layout_basic, grunt_temple_overflow_diamond, uniq_blork_the_orc
D:6:      layout_loops_ring, kennysheep_little_box, temple_hall_moat,
          kennysheep_generic_room_16
D:7:      nzn_winding_woodlands_small [nzn_winding_woodlands_5x15_zeroes,
          nzn_winding_woodlands_center_diamonds,
          nzn_winding_woodlands_5x15_river_crossing], layout_basic,
          kennysheep_generic_room_3, uniq_pikel
D:8:      layout_loops_ring, serial_shops, nicolae_lakefront_shop, shop,
          nicolae_shop_stone, shop, nicolae_shop_crystal,
          hangedman_abyss_or_decor_passed, minmay_holes
D:9:      layout_roguey, dpeg_lair_monsters
D:10:     layout_basic, gammafunk_ghost_mausoleum, special_room
          [special_room_orc], minivault_16, uniq_psyche
D:11:     layout_basic
D:12:     minmay_the_grid_net [minmay_the_grid_doors, minmay_the_grid_spikes,
          minmay_the_grid_spin_star, minmay_the_grid_broken_lines,
          minmay_the_grid_aliased_spiral, minmay_the_grid_prize_diamond_cup],
          layout_basic, enter_trove_2, enter_bailey_7, uniq_urug, uniq_azrael
D:13:     layout_gridville, minmay_checkerbox
D:14:     layout_irregular_city, erik_vaults_1, serial_undead, serial_undead_f,
          serial_undead_a, serial_undead_e, serial_undead_e,
          hangedman_decor_slide_cut, chequers_serial_rivers_large_a,
          st_stairs_3, uniq_kirke, uniq_josephine
D:15:     grunt_enter_depths_giant_problem, layout_rooms, nemelex_altar_shiori,
          uniq_louise, uniq_roxanne
Lair:1:   layout_hall_layers, beast_lair_carwin_7, serial_bayou_shore_b
Lair:2:   layout_concentric_octagons, swamp_mist, spider_nest_entry_webs,
          beast_lair_carwin_1, uniq_gastronok
Lair:3:   wander_river, layout_regular_city, gammafunk_ghost_arena,
          st_stairs_13, beast_lair_carwin_8, lemuel_fruit_tree
Lair:4:   layout_roguey, chequers_serial_rivers_marsh,
          grunt_forest_small_clearing_treed, grunt_megastairs_1
Lair:5:   layout_regular_city, hibernation_bobbens, serial_bayou_shore_b
Lair:6:   cheibrodos_lair_end_hotspot, layout_long_grid, slime_altar_2,
          infiniplex_staircase_pool_2
Spider:1: nicolae_spider_hilbert_zone_5 [nicolae_spider_hilbert_3_sides_1_open,
          nicolae_spider_hilbert_4_sides_1_open,
          nicolae_spider_hilbert_4_sides_1_open,
          nicolae_spider_hilbert_6_sides_1_open,
          nicolae_spider_hilbert_6_sides_1_open]
Spider:2: layout_spider_delve, uniq_agnes
Spider:3: layout_chambers
Spider:4: spider_rune_water, guppyfry_hornet_nest, uniq_bai_suzhen
Orc:1:    layout_caves, serial_shops, nicolae_shop_trees, nicolae_shop_gadgets,
          uniq_jorgrun, uniq_maurice, uniq_harold
Orc:2:    st_orc_mages, layout_caves, ebering_ghost_gozag, uniq_snorg
Vaults:1: nicolae_vaults_yaktaur_gun_rack, vaults_room_fancy_cross,
          ontoclasm_vaults_decontamination, vaults_room_grunt_arrival_ludios,
          v_rooms_1, hangedman_vaults_maws, vaults_room_semicircle,
          layout_vaults_omnigrid, uniq_saint_roka
Vaults:2: v_alt_pattern_5, nicolae_vaults_disjoint_gnomons,
          ontoclasm_vaults_ring_square, hangedman_vaults_corner_blocks,
          v_misc_18, v_misc_8, vaults_door_vault, v_misc_9,
          nicolae_vaults_big_ls, layout_vaults_chaotic_city, uniq_nikola
Depths:1: minmay_chopped_fan, layout_basic, grunt_pan_entry_spiral, abyss_entry,
          hell_entry, grunt_qazlal_clouds, mu_enter_wizlab_7, lemuel_angel_altar
Depths:2: grunt_runaround [grunt_runaround_doors_1, grunt_runaround_doors_2,
          grunt_runaround_doors_3, grunt_runaround_doors_4,
          grunt_runaround_loot], abyss_entry, pan_entry, hell_entry
Abyss:4:  base: Temple, hangedman_decor_riveting, minivault_24,
          hangedman_abyss_river_spirits, evilmike_abyss_rune_ettins,
          bh_abyss_exit_grid, grunt_abyss_rune_forest_and_sorcery,
          grunt_abyss_rune_forest_and_sorcery, grunt_abyss_rune_wretched_hive,
          grunt_abyss_rune_wretched_hive, hangedman_abyss_theft

Skill      XL: |  1  2  3  4  5  6  7  8  9 10 11 12 13 14 15 16 17 18 |
---------------+-------------------------------------------------------+-----
Polearms       | 2 11 12 13 14 | 14.5
Spellcasting   | 2 3 4 5 7 |  7.0
Fighting       | 2 3 5 7 10 11 12 14 15 17 18 | 18.7
Translocations | 3 |  3.3
Hexes          | 1 2 4 6 7 9 |  9.3
Dodging        | 2 5 8 10 11 13 15 16 17 | 17.0
Armour         | 4 6 8 |  8.8
Throwing       | |  0.8

Action                   |  1- 3 |  4- 6 |  7- 9 | 10-12 | 13-15 | 16-18 || total
-------------------------+-------+-------+-------+-------+-------+-------++-------
Melee: Spear             |   156 |   321 |    42 |   930 |  2506 |  2564 ||  6519
       Trident           |       |       |   314 |       |   443 |   706 ||  1463
       Dagger            |       |       |    19 |       |       |       ||    19
       Glaive            |       |       |    18 |       |       |       ||    18
       Unarmed           |       |       |       |       |       |     1 ||     1
 Fire: Hunting sling     |       |       |       |     3 |       |       ||     3
Throw: Stone             |    13 |    68 |    16 |       |       |       ||    97
       Dart              |       |       |    15 |    14 |       |       ||    29
       Boomerang         |       |       |       |       |    20 |    19 ||    39
 Cast: Blink             |     2 |    10 |    12 |    29 |    52 |    30 ||   135
       Teleport Other    |       |    10 |     4 |     2 |     1 |     3 ||    20
       Slow              |       |       |    30 |    43 |    84 |    18 ||   175
       Confusing Touch   |       |       |       |     3 |    29 |    31 ||    63
       Corona            |       |       |       |       |    20 |     1 ||    21
       Dazzling Flash    |       |       |       |       |    18 |     8 ||    26
       Tukima's Dance    |       |       |       |       |    49 |    49 ||    98
Evoke: Wand              |       |       |     5 |     2 |    10 |     1 ||    18
  Use: Potion            |       |     4 |       |       |     4 |     5 ||    13
       Scroll            |       |     1 |     3 |     8 |    17 |    13 ||    42
 Stab: Distracted        |       |     1 |       |     4 |     9 |     3 ||    17
       Sleeping          |       |     3 |       |     5 |    13 |     6 ||    27
       Confused          |       |       |       |     3 |   109 |    54 ||   166
       Invisible         |       |       |       |       |    18 |     5 ||    23
       Paralysed         |       |       |       |       |     4 |       ||     4
       Held in net/web   |       |       |       |       |       |     1 ||     1
Armor: Leather armour    |    32 |    62 |    64 |    12 |       |       ||   170
       Troll leather arm |       |       |       |    51 |   461 |   402 ||   914
       Storm dragon scal |       |       |       |       |       |  1141 ||  1141
Dodge: Dodged            |    82 |   137 |   164 |   379 |  1682 |  2310 ||  4754
Block: Buckler           |       |       |     5 |   153 |   602 |   886 ||  1646

Table legend: (Time is in decaauts)
 A = Elapsed time spent in this place.
 B = Non-inter-level travel time spent in this place.
 C = Inter-level travel time spent in this place.
 D = Time resting spent in this place.
 E = Time spent auto-exploring this place.
 F = Levels seen in this place.
 G = Mean time per level.
                   A        B        C        D        E       F      G
               +--------+--------+--------+--------+--------+-----+--------+
         Total |  50918 |  47845 |   3073 |  10827 |  21509 |  34 | 1497.6 |
       Dungeon |  24248 |  22383 |   1865 |   7217 |   9094 |  15 | 1616.5 |
          Lair |   9105 |   8463 |    642 |   1357 |   4767 |   6 | 1517.5 |
   Spider Nest |   6511 |   6140 |    371 |   1004 |   3370 |   4 | 1627.8 |
  Orcish Mines |   2092 |   1989 |    103 |    380 |   1067 |   2 | 1046.0 |
        Vaults |   5561 |   5520 |     41 |    426 |   2235 |   2 | 2780.5 |
        Depths |   1684 |   1634 |     50 |    341 |    690 |   2 |  842.0 |
         Abyss |    186 |    186 |      0 |      0 |      0 |   2 |   93.0 |
        Wizlab |   1527 |   1527 |      0 |    100 |    285 |   1 | 1527.0 |
               +--------+--------+--------+--------+--------+-----+--------+

Top non-repeatable levels by time:
     D:5: 2981 daAuts
Vaults:1: 2905 daAuts
Vaults:2: 2656 daAuts
    D:14: 2645 daAuts
     D:8: 2367 daAuts
  Lair:6: 2202 daAuts
Spider:3: 2175 daAuts
     D:7: 2137 daAuts
Spider:4: 2031 daAuts
     D:4: 1896 daAuts
  Lair:2: 1852 daAuts
     D:6: 1602 daAuts
  WizLab: 1527 daAuts
    D:11: 1512 daAuts
  Lair:1: 1461 daAuts
